 Dungeon Crawl Stone Soup version 0.17-a0-1906-g6d5812e (webtiles) character file.

75 tablen the Skirmisher (level 4, -5/35 HPs)
             Began as an Octopode Wanderer on Sept 24, 2015.
             Slain by a water moccasin (8 damage)
             ... on level 8 of the Dungeon.
             The game lasted 00:06:22 (918 turns).

tablen the Skirmisher (Octopode Wanderer)            Turns: 918, Time: 00:06:22

Health: -5/35      AC:  1    Str: 18    XL:     4   Next: 31%
Magic:  5/5        EV: 11    Int: 12    God:
Gold:   51         SH:  0    Dex: 12    Spells: 0 memorised, 3 levels left

rFire  . . .     SeeInvis .     a - +2 hand crossbow
rCold  . . .     Clarity  .     (no shield)
rNeg   . . .     SustAt   .     (helmet restricted)
rPois  .         Gourm    .     f - amulet of rage (curse)
rElec  .         Spirit   .     (no ring)
rCorr  .         Warding  .     (no ring)
rMut   .         Stasis   .     (no ring)
MR     .....                    (no ring)
Stlth  +++.......               (no ring)
                                (no ring)
                                (no ring)
                                (no ring)

@: mighty, lethally poisoned (-5 -> -31), not resistant to hostile enchantments,
fairly stealthy
A: almost no armour, amphibious, 8 rings, constrict 8, camouflage 1, gelatinous
body 1
a: Evoke Berserk Rage


You were on level 8 of the Dungeon.
You were not hungry.

You visited 1 branch of the dungeon, and saw 8 of its levels.

You collected 51 gold pieces.

Inventory:

Hand weapons
 a - a +2 hand crossbow (weapon)
 i - the +6 morningstar "Necsisk" {venom, rF+ SInv, unknown}
   (You found it on level 8 of the Dungeon)

   It poisons the flesh of those it strikes.
   It protects you from fire.
   It lets you see invisible.
Missiles
 b - 39 bolts (quivered)
Jewellery
 f - a cursed amulet of rage (around mantle)
Magical devices
 d - a wand of random effects (15)
Scrolls
 c - a scroll of blinking {unknown}
 h - 2 scrolls of identify {unknown}
Comestibles
 e - a bread ration
 j - a chunk of flesh


   Skills:
 + Level 5.3 Fighting
   Level 2.0 Bows
 + Level 2.4 Crossbows
 + Level 0.2 Dodging
 + Level 0.8 Stealth
 + Level 2.4 Evocations


You had 3 spell levels left.
You didn't know any spells.

Dungeon Overview and Level Annotations

Branches:
Dungeon (8/15)
 Temple: D:4-7         Lair: D:8-11

Altars:
Vehumet


Innate Abilities, Weirdness & Mutations

You cannot wear most types of armour.
You are amphibious.
You can wear up to eight rings at the same time.
You can use your tentacles to constrict eight enemies at once.
Your skin changes colour to match your surroundings (Stealth).
Your rubbery body absorbs attacks (AC +1).


Message History

You shoot a bolt. The bolt hits the water moccasin.
The water moccasin is lightly wounded.
You feel sick. The water moccasin bites you.
Firing (i - inventory):
b - 40 bolts (quivered)
Press: ? - help, Shift-Dir - straight line, f/p - water moccasin
Aim: a water moccasin (lightly wounded)
You shoot a bolt.
The bolt barely misses the water moccasin.
You feel sick. The water moccasin bites you!
* * * LOW HITPOINT WARNING * * *
You are more poisoned.
The water moccasin poisons you! The water moccasin bites you.
* * * LOW HITPOINT WARNING * * *
Drink which item? (? for menu, Esc to quit)
It was a potion of might.
You feel very mighty all of a sudden.
* * * LOW HITPOINT WARNING * * *
You feel very sick. The water moccasin bites you!
You die...

#.# #.# ##+# #S# ##...#
#.### ##.....## #...#
### #..%....## ##.#.#
#..
.........####....#####.#
.......@S'....(.....<...
.........###.....#####.#
#.......## ##...## #.#
##.....## ##.## #.#
##...# #.# #.. ##+# #.#
### #.# #.#


You could see a water moccasin.

Vanquished Creatures
  A jelly (D:5)
  A worker ant (D:7)
  An adder (D:5)
  A white imp (D:8)
  An adder skeleton (D:8)
  An orc (D:5)
  A giant cockroach (D:2)
  A quokka (D:8)
  A quokka zombie (D:4)
9 creatures vanquished.

Vanquished Creatures (others)
  A giant gecko (D:4)
1 creature vanquished.

Grand Total: 10 creatures vanquished

Notes
Turn   | Place    | Note
--------------------------------------------------------------
     0 | D:1      | tablen the Octopode Wanderer began the quest for the Orb.
     0 | D:1      | tablen set off with: a +2 hand crossbow, 25 bolts, a scroll of teleportation, a wand of random effects (15), a bread ration, a !bad item (cl:100,ty:0,pl:0,pl2:0,sp:0,qu:0), a !bad item (cl:100,ty:0,pl:0,pl2:0,sp:0,qu:0), a !bad item (cl:100,ty:0,pl:0,pl2:0,sp:0,qu:0), a !bad item (cl:100,ty:0,pl:0,pl2:0,sp:0,qu:0), a !bad item (cl:100,ty:0,pl:0,pl2:0,sp:0,qu:0), a !bad item (cl:100,ty:0,pl:0,pl2:0,sp:0,qu:0), a !bad item (cl:100,ty:0,pl:0,pl2:0,sp:0,qu:0), a !bad item (cl:100,ty:0,pl:0,pl2:0,sp:0,qu:0), a !bad item (cl:100,ty:0,pl:0,pl2:0,sp:0,qu:0), a !bad item (cl:100,ty:0,pl:0,pl2:0,sp:0,qu:0), a !bad item (cl:100,ty:0,pl:0,pl2:0,sp:0,qu:0), a !bad item (cl:100,ty:0,pl:0,pl2:0,sp:0,qu:0), a !bad item (cl:100,ty:0,pl:0,pl2:0,sp:0,qu:0), a !bad item (cl:100,ty:0,pl:0,pl2:0,sp:0,qu:0), a !bad item (cl:100,ty:0,pl:0,pl2:0,sp:0,qu:0), a !bad item (cl:100,ty:0,pl:0,pl2:0,sp:0,qu:0), a !bad item (cl:100,ty:0,pl:0,pl2:0,sp:0,qu:0), a !bad item (cl:100,ty:0,pl:0,pl2:0,sp:0,qu:0), a !bad item (cl:100,ty:0,pl:0,pl2:0,sp:0,qu:0), a !bad item (cl:100,ty:0,pl:0,pl2:0,sp:0,qu:0), a !bad item (cl:100,ty:0,pl:0,pl2:0,sp:0,qu:0), a !bad item (cl:100,ty:0,pl:0,pl2:0,sp:0,qu:0), a !bad item (cl:100,ty:0,pl:0,pl2:0,sp:0,qu:0), a !bad item (cl:100,ty:0,pl:0,pl2:0,sp:0,qu:0), a !bad item (cl:100,ty:0,pl:0,pl2:0,sp:0,qu:0), a !bad item (cl:100,ty:0,pl:0,pl2:0,sp:0,qu:0), a !bad item (cl:100,ty:0,pl:0,pl2:0,sp:0,qu:0), a !bad item (cl:100,ty:0,pl:0,pl2:0,sp:0,qu:0), a !bad item (cl:100,ty:0,pl:0,pl2:0,sp:0,qu:0), a !bad item (cl:100,ty:0,pl:0,pl2:0,sp:0,qu:0), a !bad item (cl:100,ty:0,pl:0,pl2:0,sp:0,qu:0), a !bad item (cl:100,ty:0,pl:0,pl2:0,sp:0,qu:0), a !bad item (cl:100,ty:0,pl:0,pl2:0,sp:0,qu:0), a !bad item (cl:100,ty:0,pl:0,pl2:0,sp:0,qu:0), a !bad item (cl:100,ty:0,pl:0,pl2:0,sp:0,qu:0), a !bad item (cl:100,ty:0,pl:0,pl2:0,sp:0,qu:0), a !bad item (cl:100,ty:0,pl:0,pl2:0,sp:0,qu:0), a !bad item (cl:100,ty:0,pl:0,pl2:0,sp:0,qu:0), a !bad item (cl:100,ty:0,pl:0,pl2:0,sp:0,qu:0), a !bad item (cl:100,ty:0,pl:0,pl2:0,sp:0,qu:0), a !bad item (cl:100,ty:0,pl:0,pl2:0,sp:0,qu:0), a !bad item (cl:100,ty:0,pl:0,pl2:0,sp:0,qu:0), a !bad item (cl:100,ty:0,pl:0,pl2:0,sp:0,qu:0), a !bad item (cl:100,ty:0,pl:0,pl2:0,sp:0,qu:0), a !bad item (cl:100,ty:0,pl:0,pl2:0,sp:0,qu:0), a !bad item (cl:100,ty:0,pl:0,pl2:0,sp:0,qu:0), a !bad item (cl:100,ty:0,pl:0,pl2:0,sp:0,qu:0)
     0 | D:1      | Reached XP level 1. HP: 17/17 MP: 2/2
    50 | D:4      | Found a radiant altar of Vehumet.
   144 | D:5      | Entered Level 5 of the Dungeon
   166 | D:5      | Noticed a jelly
   170 | D:5      | Killed a jelly
   170 | D:5      | Reached XP level 2. HP: 21/23 MP: 3/3
   170 | D:5      | Reached XP level 3. HP: 25/28 MP: 4/4
   268 | D:5      | Reached skill level 5 in Fighting
   289 | D:6      | Noticed a crocodile
   370 | D:7      | Reached XP level 4. HP: 15/35 MP: 5/5
   687 | D:8      | Got a jewelled morningstar
   764 | D:8      | Noticed a two-headed ogre
   904 | D:8      | Noticed a water moccasin
   918 | D:8      | Slain by a water moccasin

Vault maps used:
D:1:      shiori_arrival_maze, minmay_misc_feat_encased, nemelex_deck
D:2:      cheibriados_altar_wand_db,
          nicolae_gozag_cash_rules_everything_around_me, zin_scriptorium,
          trog_three_pillars_becter
D:3:      first_bread
D:4:      fiery_altar_vehumet, nicolae_ru_the_path_less_chosen,
          minmay_temple_entry_hall
D:5:      lemuel_round_altar, uniq_grinder
D:6:      kennysheep_vampire_church, lemuel_doored_altar,
          lemuel_coloured_pillars_altar, kennysheep_mini_moat, glass_columns_c
D:7:      led_sif_pool, the_bakery
D:8:      serial_bayou_lagoon_a, minmay_fire_ice_demons

Action                   |  1- 3 |  4- 6 || total
-------------------------+-------+-------++-------
 Fire: Hand crossbow     |    23 |    13 ||    36
  Use: Scroll            |     1 |       ||     1
       Potion            |       |     1 ||     1
